AoeStats
← Martimoc

Arena

509336477Analyzed
4v4 RM · 7d ago on Sep 26, 2026· 46m 39s· 8 players
Game mode
Random Map
Map size
Large (8 player)
Population
200
Speed
Normal
Resources
Standard
Victory
Conquest
Starting age
Dark Age
Ending age
Imperial Age
RankedLock teamsTeams togetherTeam positionsShared explorationLock speedFull tech treeHidden civsTurbo modeCheats
Victory
Defeat
🇨🇳 Britons · China
747
+15
🇨🇳 Franks · China
729
+16
700
+17
🇫🇷 Burgundians · France
683
+18
🇮🇹 Danes · Italy
804
-20
🇹🇷 Franks · Türkiye
803
-20
🇩🇪 Turks · Germany
666
-14
🇸🇰 Persians · Slovakia
603
-12
隊友不准投降不准弱
11:53 Feudal Age
12:57 Horse Collar
13:09 Double-Bit Axe
18:13 Castle Age
16:14 Town Watch
16:29 Loom
17:22 Fletching
17:33 Padded Archer Armor
25:31 Ballistics
30:57 Imperial Age
31:55 Heavy Plow
33:54 Malon
34:40 Bodkin Arrow
37:56 Butalmapu
41:18 Conscription
44:36 Spies/Treason
zoccaratoromain
6:07 Double-Bit Axe
8:32 Loom
9:01 Horse Collar
10:57 Wheelbarrow
14:10 Feudal Age
12:58 Gold Mining
13:35 Stone Mining
15:19 Heavy Plow
15:31 Bow Saw
16:03 Gold Shaft Mining
20:54 Castle Age
19:54 Stone Shaft Mining
21:27 Caravan
22:05 Crop Rotation
22:35 Two-Man Saw
22:14 Husbandry
21:41 Cavalier
29:40 Murder Holes
30:06 Scale Barding Armor
31:31 Ballistics
31:17 Scale Mail Armor
31:38 Chain Barding Armor
32:37 Chain Mail Armor
32:33 Forging
32:59 Burgundian Vineyards
34:01 Hand Cart
33:34 Town Watch
37:45 Imperial Age
36:53 Iron Casting
36:00 Pikeman
36:41 Squires
38:26 Paladin
40:14 Plate Barding Armor
40:10 Plate Mail Armor
40:40 Blast Furnace
40:45 Chemistry
39:31 Arrowslits
40:15 Conscription
40:19 Elite Coustillier
46:06 Spies/Treason
心已不痛5280
12:25 Feudal Age
17:10 Castle Age
15:01 Double-Bit Axe
15:43 Gold Mining
25:15 Bow Saw
26:51 Wheelbarrow
31:04 Imperial Age
28:35 Stone Mining
29:53 Husbandry
29:15 Light Cavalry
30:04 Scale Barding Armor
30:11 Forging
29:54 Fletching
30:53 Gold Shaft Mining
32:00 Chain Barding Armor
32:17 Iron Casting
31:08 Cavalier
32:16 Hand Cart
33:00 Conscription
34:00 Paladin
35:19 Plate Barding Armor
36:24 Blast Furnace
35:21 Bodkin Arrow
36:14 Ballistics
36:06 Masonry
36:10 Fortified Wall
35:47 Treadmill Crane
36:04 Murder Holes
36:42 Caravan
42:07 Chivalry
94439012
10:09 Feudal Age
15:46 Castle Age
13:43 Double-Bit Axe
14:07 Horse Collar
16:39 Bow Saw
24:19 Heavy Plow
24:08 Loom
25:04 Wheelbarrow
29:16 Imperial Age
26:49 Fletching
27:08 Treadmill Crane
28:07 Hand Cart
28:38 Gold Mining
28:39 Stone Mining
28:55 Bodkin Arrow
29:00 Padded Archer Armor
29:28 Ballistics
29:20 Masonry
30:32 Gold Shaft Mining
31:00 Leather Archer Armor
30:46 Bracer
31:55 Chemistry
31:44 Conscription
31:47 Yeomen
31:45 Elite Longbowman
32:26 Warwolf
33:36 Two-Man Saw
33:21 Ring Archer Armor
33:49 Siege Engineers
34:14 Architecture
37:00 Caravan
46:26 Spies/Treason
Peppe_04
10:51 Feudal Age
14:06 Double-Bit Axe
14:04 Horse Collar
16:38 Castle Age
15:33 Horse Collar
25:52 Heavy Plow
26:06 Bow Saw
27:21 Wheelbarrow
26:32 Town Watch
26:34 Loom
30:18 Hand Cart
30:04 Town Patrol
34:32 Imperial Age
32:28 Elite Skirmisher
33:19 Thumb Ring
33:39 Ballistics
33:38 Masonry
33:25 Murder Holes
Martimoc
6:42 Loom
12:48 Feudal Age
17:25 Wheelbarrow
16:35 Town Watch
17:04 Double-Bit Axe
17:01 Horse Collar
22:27 Forging
22:20 Scale Mail Armor
22:25 Scale Barding Armor
22:20 Padded Archer Armor
24:01 Bloodlines
36:18 Stone Mining
erhan.kamci
2:37 Loom
13:04 Feudal Age
18:07 Castle Age
16:20 Double-Bit Axe
26:31 Fervor
30:21 Town Watch
31:12 Wheelbarrow
30:59 Gold Mining
31:01 Stone Mining
31:42 Town Patrol
35:37 Imperial Age
33:23 Hand Cart
33:25 Padded Archer Armor
33:15 Fletching
33:31 Scale Barding Armor
33:27 Scale Mail Armor
33:37 Forging
33:30 Caravan
34:01 Coinage
33:15 Horse Collar
34:56 Gold Shaft Mining
34:08 Arson
34:56 Bow Saw
35:06 Leather Archer Armor
34:56 Murder Holes
35:37 Squires
36:10 Heavy Plow
36:11 Bodkin Arrow
36:48 Conscription
35:50 Elite Janissary
38:11 Hoardings
37:38 Artillery
38:00 Sipahi
37:59 Fortified Wall
37:29 Treadmill Crane
38:13 Ballistics
38:51 Husbandry
39:02 Bloodlines
38:14 Heavy Camel Rider
80AŞKÖMER
12:48 Feudal Age
17:07 Castle Age
15:21 Double-Bit Axe
19:43 Stone Mining
22:44 Bow Saw
31:23 Imperial Age
29:45 Husbandry
29:53 Caravan
31:27 Cavalier
32:21 Chivalry
32:45 Conscription
33:07 Wheelbarrow
32:26 Gold Mining
33:23 Paladin
37:24 Squires
36:44 Pikeman
Connection lost

Rejoining the realm…

Still unreachable

The connection could not be restored.

Session expired

The server has moved on; the page needs a fresh start.